 Dungeon Sprint DCSS version 0.19-a0-45-g2c295ea (webtiles) character file.

7288 namelastname112 the Unseen (level 10, -5/85 HPs)
             Began as a Vampire Enchanter on May 5, 2016.
             Was a High Priest of Dithmenos.
             Slain by a catoblepas (10 damage)
             ... in the Dungeon (Sprint IX: "|||||||||||||||||||||||||||||").
             The game lasted 00:06:17 (6383 turns).

namelastname112 the Unseen (Vampire Enchanter)      Turns: 6383, Time: 00:06:18

Health: -5/85      AC:  7    Str:  7    XL:     10   Next: 89%
Magic:  2/24       EV:  2    Int: 19    God:    Dithmenos [*****.]
Gold:   0          SH:  0    Dex: 17    Spells: 5 memorised, 17 levels left

rFire  . . .     SeeInvis +     q - +2 rapier (drain)
rCold  + + .     Gourm    .     b - +1 robe
rNeg   + + +     Faith    .     (no shield)
rPois  ∞         Spirit   .     (no helmet)
rElec  .         Dismiss  .     p - +0 cloak
rCorr  .         Reflect  .     (no gloves)
SustAt .         Harm     .     o - +0 pair of boots
MR     +....     NoTele   +     (no amulet)
Stlth  ++++++++++               m - +2 ring of evasion
                                n - +2 ring of protection

@: petrified, very slightly contaminated, regenerating slowly, wreathed by
umbra, somewhat resistant to hostile enchantments, uncannily stealthy
A: fangs 3, see invisible, unbreathing
a: Bat Form, Shadow Step, Shadow Form, Renounce Religion


You were in the Dungeon.
You worshipped Dithmenos.
Dithmenos was extremely pleased with you.
You were near bloodless.

You visited 1 branch

Inventory:

Hand Weapons
 a - a +1 dagger
 q - a +2 rapier of draining (weapon)
Armour
 b - a +1 robe (worn)
 o - a +0 pair of boots (worn)
 p - a +0 cloak (worn)
Jewellery
 m - a +2 ring of evasion (right hand)
 n - a +2 ring of protection (left hand)
Wands
 l - a wand of iceblast (7/15)
Scrolls
 i - a scroll of remove curse
 j - a scroll of blinking
 k - 2 scrolls of amnesia
 w - 3 scrolls of identify
 x - 4 scrolls of enchant armour
 y - a scroll of fog
Potions
 d - a potion of invisibility
 e - 5 potions of curing
 f - a potion of heal wounds
 g - a potion of haste
 h - 4 potions of magic
 r - 16 potions of blood
 s - a potion of resistance
 t - a potion of cure mutation
 u - 2 potions of might
 v - a potion of brilliance
Books
 c - a book of Maledictions

   Spells                             Type                      Level
   a - Corona                         Hexes                        1
   b - Ensorcelled Hibernation        Hexes/Ice                    2
   c - Confuse                        Hexes                        3
   d - Tukima's Dance                 Hexes                        3
   e - Dazzling Spray                 Conjuration/Hexes            3


   Skills:
 + Level 10.0 Fighting
 + Level 11.8 Short Blades
 + Level 11.9 Dodging
 + Level 16.5 Stealth
 + Level 10.4 Spellcasting
 + Level 15.3 Hexes


You had 17 spell levels left.
You knew the following spells:

 Your Spells              Type           Power        Failure   Level  Hunger
a - Tukima's Dance        Hex            ######..     1%          3    None
b - Corona                Hex            ######.      0%          1    None
c - Dazzling Spray        Conj/Hex       #####.       1%          3    None
x - Confuse               Hex            ######..     1%          3    None
z - Ensorcelled Hibernat  Hex/Ice        #####.       1%          2    None


Dungeon Overview and Level Annotations

Branches:
Dungeon (1/1)

Altars:
Cheibriados
Dithmenos
Elyvilon
Fedhas
Gozag
Kikubaaqudgha
Makhleb
Nemelex Xobeh
Okawaru
Pakellas
Qazlal
Ru
Sif Muna
Trog
Vehumet
Xom
Yredelemnul
Zin
The Shining One
Beogh
Jiyva
Lugonu


Innate Abilities, Weirdness & Mutations

You heal slowly.
You have razor-sharp teeth.
You have supernaturally acute eyesight.
You can survive without breathing.


Message History

You are engulfed in calcifying dust.
You are slowing down.
You hit the catoblepas but do no damage.
You drain the catoblepas!
The catoblepas is moderately wounded.
You are engulfed in calcifying dust.
The catoblepas breathes a plume of calcifying dust at you.
The blast of calcifying dust hits you!
You hit the catoblepas. You drain the catoblepas!
The catoblepas is moderately wounded.
You are engulfed in calcifying dust.
Your limbs have turned to stone.
The catoblepas barely misses you.
You have turned to stone.
You are engulfed in calcifying dust.
The catoblepas gores you!!
* * * LOW HITPOINT WARNING * * *
You are engulfed in calcifying dust.
The catoblepas gores you!!
* * * LOW HITPOINT WARNING * * *
You are engulfed in calcifying dust.
The catoblepas gores you!
* * * LOW HITPOINT WARNING * * *
The catoblepas gores you!!
You die...

▓▓▓▓▓▓▓▓▓▓▓▓▓▓▓▓▓▓▓▓▓▓▓▓▓▓▓▓▓▓▓▓
______________'...).'....)'...<▓
▓▓▓▓▓▓▓▓▓▓▓▓▓▓▓▓▓▓▓▓▓▓▓▓▓▓▓▓▓▓▓▓
...............................▓
▓▓▓▓▓▓▓▓▓▓▓▓▓▓▓▓▓▓▓▓▓▓▓▓▓▓▓▓▓▓.▓
.Y.Y...†.'.§....@Y.....'.......▓
▓▓▓▓▓▓▓▓▓▓▓▓▓▓▓▓▓▓▓▓▓▓▓▓▓▓▓▓▓▓▓▓


You could see a catoblepas.

Vanquished Creatures
  A hydra (D)
  A centaur warrior (D)
  4 death yaks (D)
  An unseen horror (D)
  A black mamba (D)
  A rime drake (D)
  A troll (D)
  A blink frog (D)
  6 yaks (D)
  A hippogriff (shapeshifter) (D)
  A hippogriff (D)
  A water moccasin (D)
  3 porcupines (D)
  An ice beast (D)
  2 crocodiles (D)
  A giant frog (D)
  A scorpion (D)
  A hound (D)
  2 iguanas (D)
  2 orc wizards (D)
  2 worker ants (D)
  A hell rat (D)
  A river rat (D)
  An orc (D)
  A bat zombie (D)
  A hobgoblin (D)
  A jackal (D)
  A bat (D)
  A giant gecko zombie (D)
  A giant newt (D)
  A kobold (D)
  2 rats (D)
47 creatures vanquished.

Notes
Turn   | Place    | Note
--------------------------------------------------------------
     0 | D        | namelastname112 the Vampire Enchanter began the quest for the Orb.
     0 | D        | Reached XP level 1. HP: 13/13 MP: 3/3
    28 | D        | Reached skill level 5 in Stealth
   240 | D        | Noticed an orc wizard
   240 | D        | Noticed a worker ant
   240 | D        | Noticed a scorpion
   250 | D        | Killed a scorpion
   250 | D        | Reached skill level 6 in Stealth
   250 | D        | Reached XP level 2. HP: 22/22 MP: 4/6
   250 | D        | Reached XP level 3. HP: 27/27 MP: 4/7
   257 | D        | Reached XP level 4. HP: 34/34 MP: 4/9
   281 | D        | Reached skill level 7 in Stealth
   735 | D        | Learned a level 2 spell: Ensorcelled Hibernation
   739 | D        | Learned a level 3 spell: Confuse
   743 | D        | Learned a level 3 spell: Dazzling Spray
  1143 | D        | Found a glowing silver altar of Zin.
  1143 | D        | Found a glowing golden altar of the Shining One.
  1143 | D        | Found an ancient bone altar of Kikubaaqudgha.
  1143 | D        | Found a basalt altar of Yredelemnul.
  1143 | D        | Found a shimmering altar of Xom.
  1143 | D        | Found a radiant altar of Vehumet.
  1144 | D        | Found an iron altar of Okawaru.
  1145 | D        | Found a burning altar of Makhleb.
  1146 | D        | Found a deep blue altar of Sif Muna.
  1147 | D        | Found a bloodstained altar of Trog.
  1148 | D        | Found a sparkling altar of Nemelex Xobeh.
  1149 | D        | Found a white marble altar of Elyvilon.
  1150 | D        | Found a roughly hewn altar of Beogh.
  1151 | D        | Found a viscous altar of Jiyva.
  1152 | D        | Found a corrupted altar of Lugonu.
  1153 | D        | Found a blossoming altar of Fedhas.
  1154 | D        | Found a snail-covered altar of Cheibriados.
  1155 | D        | Found a shadowy altar of Dithmenos.
  1156 | D        | Found a stormy altar of Qazlal.
  1157 | D        | Found an opulent altar of Gozag.
  1158 | D        | Found a sacrificial altar of Ru.
  1159 | D        | Found an oddly glowing altar of Pakellas.
  1163 | D        | Became a worshipper of Dithmenos the Shadowed
  3042 | D        | Noticed an unseen horror
  3047 | D        | Reached skill level 5 in Dodging
  3047 | D        | Reached skill level 8 in Stealth
  3047 | D        | Reached XP level 5. HP: 41/41 MP: 5/11
  3050 | D        | Reached * piety under Dithmenos
  3057 | D        | Killed an unseen horror
  3057 | D        | Reached skill level 11 in Stealth
  3057 | D        | Reached skill level 10 in Hexes
  3057 | D        | Reached XP level 6. HP: 52/52 MP: 0/15
  3057 | D        | Reached XP level 7. HP: 58/58 MP: 0/16
  3060 | D        | Reached ** piety under Dithmenos
  3163 | D        | Noticed a centaur warrior
  3163 | D        | Noticed a troll
  3163 | D        | Noticed a hippogriff
  3166 | D        | Killed a hippogriff
  3174 | D        | Killed a troll
  3174 | D        | Reached skill level 12 in Stealth
  3174 | D        | Reached XP level 8. HP: 65/65 MP: 10/18
  3198 | D        | Killed a centaur warrior
  3198 | D        | Reached *** piety under Dithmenos
  3198 | D        | Reached skill level 13 in Stealth
  4300 | D        | Learned a level 3 spell: Tukima's Dance
  4400 | D        | Reached XP level 9. HP: 72/72 MP: 15/21
  4405 | D        | Reached **** piety under Dithmenos
  4603 | D        | Noticed a death yak
  4603 | D        | Noticed a rime drake
  4604 | D        | Noticed a black mamba
  4607 | D        | Killed a rime drake
  4607 | D        | Reached ***** piety under Dithmenos
  4607 | D        | Reached skill level 10 in Dodging
  4607 | D        | Reached skill level 14 in Stealth
  4608 | D        | Noticed a seven-headed hydra
  4609 | D        | Reached skill level 10 in Short Blades
  4617 | D        | Killed a death yak
  4617 | D        | Reached XP level 10. HP: 82/82 MP: 19/23
  4620 | D        | Killed a black mamba
  4620 | D        | Reached skill level 15 in Stealth
  4630 | D        | Killed a seven-headed hydra
  5000 | D        | Noticed a death yak
  5000 | D        | Noticed a death yak
  5000 | D        | Noticed a death yak
  5000 | D        | Noticed a catoblepas
  6098 | D        | Killed a death yak
  6344 | D        | Reached skill level 10 in Spellcasting
  6349 | D        | Killed a death yak
  6349 | D        | Reached skill level 16 in Stealth
  6356 | D        | Killed a death yak
  6356 | D        | Reached skill level 10 in Fighting
  6356 | D        | Reached skill level 15 in Hexes
  6383 | D        | Slain by a catoblepas

Vault maps used:
D:        linesprint

Skill      XL: |  1  2  3  4  5  6  7  8  9 10 |
---------------+-------------------------------+-----
Stealth        | 6 8 11 12 13 14 16 | 16.5
Fighting       | 2 3 6 7 8 10 | 10.0
Short Blades   | 3 4 7 8 9 10 11 | 11.8
Dodging        | 3 4 5 7 8 9 10 11 | 11.9
Spellcasting   | 3 4 6 7 8 9 10 | 10.4
Hexes          | 6 7 10 11 12 13 15 | 15.3

Action                   |  1- 3 |  4- 6 |  7- 9 | 10-12 || total
-------------------------+-------+-------+-------+-------++-------
Melee: Dagger            |    34 |    22 |       |       ||    56
       Bite              |     3 |     1 |     5 |     2 ||    11
       Rapier            |       |     8 |    57 |    27 ||    92
 Cast: Corona            |     3 |     2 |       |       ||     5
       Ensorcelled Hiber |       |     5 |    16 |     6 ||    27
       Confuse           |       |       |     4 |     1 ||     5
       Dazzling Spray    |       |       |       |    21 ||    21
 Abil: End Transformatio |       |       |       |     2 ||     2
       Bat Form          |       |       |       |     2 ||     2
  Use: Potion            |     3 |     1 |     2 |     3 ||     9
       Scroll            |       |       |     2 |     1 ||     3
 Stab: Sleeping          |     1 |     4 |    16 |     4 ||    25
       Invisible         |       |       |       |     2 ||     2
       Distracted        |       |       |       |     1 ||     1
       Confused          |       |       |       |     1 ||     1
       Petrifying        |       |       |       |     1 ||     1
       Petrified         |       |       |       |     1 ||     1
Armor: Robe              |    10 |     6 |     4 |    11 ||    31
Dodge: Dodged            |    18 |    18 |    29 |    43 ||   108
